 Dungeon Crawl Stone Soup version 0.31-a0-152-g6aa68a64a1 (webtiles) character file.

Game seed: 17663063558816754213

233 qw the Shooter (level 5, -8/46 HPs)
             Began as a Minotaur Hunter on June 9, 2023.
             Shot with an arrow by a centaur (11 damage)
             ... on level 4 of the Dungeon.
             The game lasted 00:01:01 (2176 turns).

qw the Shooter (Minotaur Hunter)                    Turns: 2176, Time: 00:01:02

Health: -8/46      AC:  6    Str: 15    XL:     5   Next: 75%
Magic:  4/4        EV: 11    Int:  6    God:
Gold:   162        SH:  0    Dex: 16    Spells: 4/4 levels left

rFire   . . .        Y - +0 shortbow
rCold   . . .        (shield currently unavailable)
rNeg    + . .        d - +0 ring mail
rPois   .            (helmet restricted)
rElec   .            c - +0 cloak
rCorr   .            (no gloves)
SInv    .            (no boots)
Will    +....        (no amulet)
Stlth   +            e - ring of willpower
HPRegen 0.27/turn    h - ring of positive energy
MPRegen 0.09/turn

%: no passive effects
@: no status effects
A: horns 2, retaliatory headbutt
a: no special abilities


You were on level 4 of the Dungeon.
You visited 1 branch of the dungeon, and saw 4 of its levels.

You collected 162 gold pieces.


Innate Abilities, Weirdness & Mutations

You have a pair of horns on your head.
You reflexively headbutt those who attack you in melee.


   Skills:
 - Level 4.0 Fighting
 + Level 7.0 Ranged Weapons
 - Level 1.0 Armour
 - Level 2.1 Dodging
 - Level 0.7 Stealth


You had 4 spell levels left.
You didn't know any spells.
Your spell library was empty.

Inventory:

Hand Weapons
 Y - a +0 shortbow (weapon)
Armour
 c - a +0 cloak (worn)
 d - a +0 ring mail (worn)
Jewellery
 e - a ring of willpower (left hand)
 h - a ring of positive energy (right hand)
Scrolls
 a - a scroll of teleportation
 b - 2 scrolls of identify
Potions
 f - 2 potions of degeneration {unknown}
 i - a potion of curing
 j - a potion of mutation

Dungeon Overview and Level Annotations

Branches:
Dungeon (4/15)
 Temple: D:4-7

Altars:
Sif Muna


Message History

You shoot an arrow. The arrow hits the iguana.
The iguana is severely wounded.
The iguana bites you but does no damage.
You shoot an arrow. The arrow hits the iguana.
You kill the iguana!
Your Ranged Weapons skill increases to level 7!
You start resting.
You hear the slow hiss of a very distant avalanche of sand.
A centaur comes into view.
You shoot an arrow. The arrow barely misses the centaur.
The centaur shouts!
The centaur wields a +0 orcbow.
The centaur shoots an arrow.
The arrow hits you but does no damage.
You shoot an arrow. The arrow barely misses the centaur.
The centaur shoots an arrow.
The arrow hits you!
You shoot an arrow.
The arrow hits the centaur but does no damage.
The centaur shoots an arrow.
The arrow barely misses you.
You shoot an arrow. The arrow barely misses the centaur.
The centaur shoots an arrow.
The arrow hits you!
The centaur shoots an arrow.
The arrow hits you!
You shoot an arrow.
The arrow completely misses the centaur.
The centaur shoots an arrow.
The arrow hits you.
You shoot an arrow. The arrow hits the centaur.
The centaur is moderately wounded.
The centaur shoots an arrow.
The arrow barely misses you.
A quokka comes into view.
The centaur shoots an arrow.
The arrow hits you!
2174 ||| READING 2 scrolls of teleportation.
As you read the scroll of teleportation, it crumbles to dust.
You feel strangely unstable.
The centaur shoots an arrow.
The arrow misses you.
You shoot an arrow. The arrow hits the centaur.
The centaur is severely wounded.
The centaur shoots an arrow.
The arrow barely misses you.
You shoot an arrow. The arrow barely misses the centaur.
Your surroundings flicker for a moment.
The centaur shoots an arrow.
The arrow hits you.
The centaur shoots an arrow.
The arrow hits you!
You die...

#..# ### .... ..# .# #>.#
#.# .# #..###.####.# #...
... ...# ..####..# #.#
#..# ...rc...###.###..#
#%@.........#
######..##.########
#####.#...........
#########...#..##########<
.......<....#..# #.
#########...#..##########.
####................
#...................
###.######.###..###...


You could see a centaur and a quokka.

Vanquished Creatures
  A scorpion (D:3)
  2 iguanas
  An orc wizard (D:3)
  2 adders
  2 worms (D:2)
  2 orcs (D:3)
  12 ball pythons
  5 endoplasms
  4 giant cockroaches
  5 goblins
  6 hobgoblins
  2 jackals (D:3)
  5 quokkas (D:1)
  5 bats
  5 frilled lizards
  10 kobolds
  5 rats
74 creatures vanquished.

Notes
Turn   | Place    | Note
-------+----------+-------------------------------------------
     0 | D:1      | qw the Minotaur Hunter began the quest for the Orb.
     0 | D:1      | Reached XP level 1. HP: 18/18 MP: 0/0
     0 | D:1      | 0 ||| qw: Version: 0.2-a-122-gbc61b45
     0 | D:1      | 0 ||| qw: Game counter: 3271
     0 | D:1      | 0 ||| qw: Always use a shield: true
     0 | D:1      | 0 ||| qw: God list: Okawaru
     0 | D:1      | 0 ||| qw: Allow faded altars: false
     0 | D:1      | 0 ||| qw: Do Orc after D:15 true
     0 | D:1      | 0 ||| qw: Do second Lair branch before Depths: true
     0 | D:1      | 0 ||| qw: Lair rune preference: random
     0 | D:1      | 0 ||| qw: Plans: Normal
     0 | D:1      | 0 ||| PLANNING D:1-11
   139 | D:1      | Reached XP level 2. HP: 25/25 MP: 1/1
   151 | D:1      | Reached skill level 5 in Ranged Weapons
   230 | D:1      | Reached skill level 3 in Fighting
   521 | D:1      | Reached XP level 3. HP: 31/31 MP: 2/2
   643 | D:1      | 643 ||| UPGRADING to +0 ring mail.
   653 | D:1      | 653 ||| DROPPING +0 leather armour.
   654 | D:1      | 654 ||| UPGRADING to ring of willpower.
   655 | D:1      | 655 ||| UPGRADING to ring of positive energy.
   656 | D:1      | 656 ||| READING 2 scrolls labelled PYOCVE HITEK.
   660 | D:1      | 660 ||| READING 3 scrolls labelled QAIVECO DUFOA.
   661 | D:1      | 661 ||| DRINKING 2 inky potions.
   662 | D:1      | 662 ||| DRINKING 2 clear potions.
   663 | D:1      | 663 ||| DROPPING scroll of butterflies.
   664 | D:1      | 664 ||| DROPPING 2 scrolls of vulnerability.
   735 | D:2      | Reached skill level 1 in Armour
  1045 | D:2      | Reached XP level 4. HP: 38/38 MP: 3/3
  1258 | D:2      | 1258 ||| UPGRADING to +0 cloak.
  1263 | D:2      | 1263 ||| READING 4 scrolls labelled QYPTAO LECRACH.
  1264 | D:2      | 1264 ||| READING scroll labelled CYGHUO YTYUNE.
  1265 | D:2      | 1265 ||| READING 3 scrolls of identify.
  1265 | D:2      | 1265 ||| IDENTIFYING pink potion
  1298 | D:3      | Reached skill level 6 in Ranged Weapons
  1378 | D:3      | Found a shimmering blue altar of Sif Muna.
  1472 | D:3      | 1472 ||| Stepping ~*~*~tactically~*~*~ (outnumbered).
  1587 | D:3      | Reached XP level 5. HP: 46/46 MP: 4/4
  1889 | D:3      | 1889 ||| READING scroll labelled FYUTHR BU JOG.
  1890 | D:3      | 1890 ||| READING scroll labelled LIHIBBO SEMIA.
  1930 | D:4      | 1930 ||| PLANNING OSSUARY
  2007 | D:4      | 2007 ||| STAIRDANCE
  2011 | D:3      | HP: 11/46 [poisoned by a scorpion]
  2012 | D:3      | 2012 ||| READING 3 scrolls of teleportation.
  2013 | D:3      | 2013 ||| DRINKING potion of heal wounds.
  2150 | D:4      | Reached skill level 7 in Ranged Weapons
  2167 | D:4      | Noticed a centaur
  2173 | D:4      | HP: 6/46 [centaur/arrow (7)]
  2174 | D:4      | 2174 ||| READING 2 scrolls of teleportation.
  2176 | D:4      | Shot with an arrow by a centaur

Levels and vault maps discovered:
D:1:      moated_graveyard_arrival, layout_loops_ring,
          chequers_serial_rivers_large_a, minmay_pentomino_w4
D:2:      layout_basic, nicolae_elevator_lobby_asterisk
D:3:      layout_basic, general_overflow_altar
D:4:      layout_loops_ring, mainiacjoe_overflow_catwalk,
          chequers_ossuary_entry_cave, minmay_door_square,
          kennysheep_generic_room_13

Skill      XL: |  1  2  3  4  5 |
---------------+----------------+-----
Ranged Weapons | 5 6 7 |  7.0
Fighting       | 3 4 |  4.0
Armour         | 1 |  1.0
Dodging        | |  2.1
Stealth        | |  0.7

Action                     |  1- 3 |  4- 6 || total
---------------------------+-------+-------++-------
   Fire: Shortbow          |   128 |    87 ||   215
    Use: Scroll            |     2 |     7 ||     9
         Potion            |     2 |     1 ||     3
 Armour: Leather armour    |     7 |       ||     7
         Ring mail         |     2 |    16 ||    18
  Dodge: Dodged            |    23 |    32 ||    55

Table legend:
 A = Non-vault XP
 B = Vault XP
 C = Vault XP percentage of total XP
 D = Non-vault monster count
 E = Vault monster count
 F = Vault count percentage of total count
                 A         B        C        D         E       F
            +---------+---------+-------+---------+---------+-------
      Total |     320 |      14 |   4.2 |      66 |       8 |  10.8
            +---------+---------+-------+---------+---------+-------
        D:1 |      31 |      14 |  31.1 |      20 |       8 |  28.6
        D:2 |      56 |       0 |   0.0 |      24 |       0 |   0.0
        D:3 |     197 |       0 |   0.0 |      21 |       0 |   0.0
        D:4 |      36 |       0 |   0.0 |       1 |       0 |   0.0
            +---------+---------+-------+---------+---------+-------
